 Dungeon Crawl Stone Soup version 0.32-a0-711-g016ad74 (webtiles) character file.

Game seed: 18032219388314574015

42 PidgeyThePirate the Shooter (level 3, -7/27 HPs)
             Began as a Coglin Hunter on Mar 15, 2024.
             Mangled by an ogre
             ... wielding a +0 giant spiked club
              (34 damage)
             ... on level 2 of the Dungeon.
             The game lasted 00:00:56 (465 turns).

PidgeyThePirate the Shooter (Coglin Hunter)          Turns: 465, Time: 00:00:58

Health: -7/27      AC:  3    Str: 13    XL:     3   Next: 54%
Magic:  3/3        EV: 11    Int:  8    God:
Gold:   37         SH:  0    Dex: 17    Spells: 2/2 levels left

rFire   . . .        a - +2 sling {Daisaku}
rCold   . . .        d - +0 sling {Suchat}
rNeg    . . .        c - +0 leather armour
rPois   .            (no helmet)
rElec   .            (no cloak)
rCorr   .            (no gloves)
SInv    .            (no boots)
Will    .....        (amulet unavailable)
Stlth   ++           (ring unavailable)
HPRegen 0.24/turn    (ring unavailable)
MPRegen 0.08/turn    (no gizmo)

%: no passive effects
@: revved
A: off-hand wielding, slow wielding, warmup strikes, no jewellery
a: Invent Gizmo


You were on level 2 of the Dungeon.
You visited 1 branch of the dungeon, and saw 2 of its levels.

You collected 37 gold pieces.

Inventory:

Hand Weapons
 a - a +2 sling (weapon) {Daisaku}
 d - a +0 sling (offhand) {Suchat}
Armour
 c - a +0 leather armour (worn)
Scrolls
 b - a scroll of butterflies
 e - a scroll of poison {unknown}
 g - a scroll of identify {unknown}
Potions
 f - 2 potions of enlightenment {unknown}
 h - a potion of might {unknown}


   Skills:
 + Level 2.0 Fighting
 + Level 4.6 Ranged Weapons
 + Level 1.7 Dodging
 + Level 0.8 Stealth


You had 2 spell levels left.
You didn't know any spells.
Your spell library was empty.

Dungeon Overview and Level Annotations

Branches:
Dungeon (2/15)

Altars:


Innate Abilities, Weirdness & Mutations

You can wield a second weapon in your off-hand.
It takes a long time for you to wield or remove held weapons.
Your first few attacks do less damage.
You cannot equip rings or amulets.


Message History

You shoot a sling bullet.
The sling bullet hits Terence but does no damage.
Terence is moderately wounded.
You shoot a sling bullet. The sling bullet hits Terence!
Terence is severely wounded.
You shoot a sling bullet. The sling bullet hits Terence.
You kill Terence!
You have reached level 3!
Your experience leads to an increase in your attributes!
Increase (S)trength, (I)ntelligence, or (D)exterity?
You feel stronger. x2
Your brain swirls with designs for a N-80 cryosubsystem.
You just need some more time...
Things that are here:
a +0 mace; a +0 scale mail; the human corpse of Terence An ogre comes into view.
It is wielding a +0 giant spiked club.
Found an escape hatch in the floor.
You shoot a sling bullet. The sling bullet hits the ogre.
The ogre is lightly wounded.
You shoot a sling bullet. The sling bullet hits the ogre.
The ogre is moderately wounded.
You shoot a sling bullet. The sling bullet hits the ogre.
The ogre is moderately wounded.
You shoot a sling bullet. The sling bullet hits the ogre.
The ogre is moderately wounded.
You shoot a sling bullet. The sling bullet hits the ogre.
The ogre is heavily wounded.
You shoot a sling bullet. The sling bullet hits the ogre.
The ogre is heavily wounded.
You shoot a sling bullet.
The sling bullet hits the ogre but does no damage.
The ogre is heavily wounded.
You shoot a sling bullet. The sling bullet hits the ogre.
The ogre is heavily wounded.
You shoot a sling bullet. The sling bullet hits the ogre.
The ogre is severely wounded.
You shoot a sling bullet. The sling bullet hits the ogre!
The ogre is almost dead.
The ogre hits you with a +0 giant spiked club!!
Ouch! That really hurt!
You die...

### ###.....# ##.##
#.....#.# ....
........#.
#.####.#..>....
#..............
#.#.###......#.......
#.........#..#O..##..
###.###.##..)@.......
#.....##.#.....
#.###.##.## .# ...
#........# .# .
#.######.# .. ### ##


You could see an ogre.

Vanquished Creatures
  Terence (D:2)
  2 bats (D:1)
  An endoplasm (D:1)
  5 goblins (D:1)
  A hobgoblin (D:1)
  2 quokkas (D:1)
  A ball python (D:1)
  3 frilled lizards (D:1)
  A kobold (D:1)
  2 rats (D:1)
19 creatures vanquished.

Notes
Turn   | Place    | Note
-------+----------+-------------------------------------------
     0 | D:1      | PidgeyThePirate the Coglin Hunter began the quest for the
                  | Orb.
     0 | D:1      | Reached XP level 1. HP: 16/16 MP: 1/1
   123 | D:1      | Reached skill level 4 in Ranged Weapons
   123 | D:1      | Reached XP level 2. HP: 22/22 MP: 2/2
   450 | D:2      | Noticed Terence
   454 | D:2      | Killed Terence
   455 | D:2      | Reached XP level 3. HP: 27/27 MP: 3/3
   460 | D:2      | Noticed an ogre
   465 | D:2      | Mangled by an ogre

Illustrated notes

Levels and vault maps discovered:
D:1:      eino_arrival_druids_welcome, layout_rooms, minmay_misc_feat_encased
D:2:      layout_basic, basic_altar, hellmonk_ecumenical_altar_blasted,
          kennysheep_generic_room_5, uniq_terence

Skill      XL: |  1 |
---------------+----+-----
Ranged Weapons | 4 |  4.6
Fighting       | |  2.0
Dodging        | |  1.7
Stealth        | |  0.8

Action                     || total
---------------------------++-------
   Fire: Sling             ||    66
 Armour: Leather armour    ||     1

Table legend: (Time is in decaauts)
 A = Elapsed time spent in this place.
 B = Non-inter-level travel time spent in this place.
 C = Inter-level travel time spent in this place.
 D = Time resting spent in this place.
 E = Time spent auto-exploring this place.
 F = Levels seen in this place.
 G = Mean time per level.
                   A        B        C        D        E       F      G
               +--------+--------+--------+--------+--------+-----+--------+
         Total |    472 |    456 |     16 |      0 |    372 |   2 |  236.0 |
       Dungeon |    472 |    456 |     16 |      0 |    372 |   2 |  236.0 |
               +--------+--------+--------+--------+--------+-----+--------+

Top non-repeatable levels by time:
     D:1: 447 daAuts
     D:2: 24 daAuts
